Unix NetHack Version 5.0.0-0 post-release - last build May 31 2026 23:59:36 (970b52f25bf058293b47ddfd14a1e40e571c508c,branch:main).

Game began 2026-05-30 20:28:11, ended 2026-06-01 01:14:19.

Haxasaurus, lawful female dwarven Valkyrie

            -------     --------------------------------#      *#0*  ---------
            |.....|     |..............................|##      ##  *........|
            |......#    |.-- -----.   ----....--|-----.| ############........|
            --.----#    |.|  |(((|.-  |..|....|..|...-.|       # # ##...---.-
              #    #    |.|  |((.|.+  |..|....|{.|...|..###############  ###
              #    #    |.|  |...|.|  |..|....-------|.|#  ### #  0*     #
         ######    ###  |.-----|--.----|--......-....|.|#   ###** *      #
        ##           #  |..................-|--.|....|.|#   ###       ####
        #            #  |......--|...{..--||..|.|..*.|.|#     #       #
        #            #  |......|..|.-|-.|..|%%|.|....|.|##   ##       #
        #            ###|......|......|.|..|%%|.-----|.|# #  ##       #
        #             ##|.----|-......||-------..-......  #*#####  ---.-------
        #              #|.|...........|....|............###########..........|
       -.-------       #|.|.............................# ##0   ###|<..).....|
       |......>%[#%#####|.--.....|-----.................#         #..........|
       |.......|#####   |.....M.........................#          -----------
       ---------    #   ------u-.-------------..........#
                    ##########@##E#######################

Haxasaurus the Fighter      St:15 Dx:12 Co:18 In:9 Wi:12 Ch:10  Lawful
Dlvl:7  $:126 HP:0(58) Pw:13(13) AC:1  Xp:7/734 T:5702  Satiated Burdened Hallu

Latest messages:
 You hit the wood nymph!
 The wood nymph escapes downstairs!
 h - an uncursed orcish spear (at the ready).
 p - an uncursed orcish dagger.
 There is a staircase down here.
 You see here an elven spear.
 You descend the stairs.
 There is a staircase up to level 7 here.
 You kill the wood nymph!
 A - a cyan spellbook.
 N - a scroll labeled STRC PRST SKRZ KRK.
 You have a little trouble lifting an uncursed +3 small shield.  Continue? y
 You have a little trouble lifting c - an uncursed +3 small shield.
 Your movements are slowed slightly because of your load.
 There is a staircase up to level 7 here.
 There is a staircase up to level 7 here.
 You climb up the stairs.
 There is a staircase down to level 8 here.
 You see here an elven spear.
 You see here an ape corpse.
 There are several objects here.
 You have a little trouble lifting g - a faded pall.
 You see here a partly eaten monkey corpse.
 You see here an ape corpse.
 There is a staircase down to level 8 here.
 You see here an elven spear.
 You have a little trouble lifting i - an elven spear.
 You have a little trouble lifting e - a +0 dagger.
 You have a little trouble lifting e - a +0 dagger (2 in total).
 There is a staircase down to level 8 here.
 You see here an ape corpse.
 You see here a partly eaten monkey corpse.
 The mumak butts!
 [HP -18, 25 left]
 The mumak bites!
 [HP -7, 18 left]
 Pick a monster, object or location.
 It explodes!
 You are caught in a blast of kaleidoscopic light!
 You are freaked out.
 Pick a monster, object or location.
 You miss the dingo.
 The maggot butts!
 [HP -31, -11 left]
 You die...
 Do you want your possessions identified? y
 Do you want to see your attributes? n
 Do you want an account of creatures vanquished? n
 Do you want to see your conduct and achievements? n
 Do you want to see the dungeon overview? n

Inventory:
 Coins    ('$')
  $ - 126 gold pieces
 Amulets  ('"')
  l - an uncursed amulet of reflection (being worn)
 Weapons  (')')
  e - 2 +0 daggers
  a - a +1 dwarvish spear (weapon in right hand)
  i - a +0 elven spear
  p - a +0 orcish dagger
  h - a +0 orcish spear (at the ready)
 Armor    ('[')
  F - an uncursed +0 elven leather helm
  u - an uncursed +0 orcish helm (being worn)
  c - an uncursed +3 small shield
  g - an uncursed +0 elven cloak
  w - a blessed +1 plate mail (being worn)
 Comestibles  ('%')
  d - an uncursed cram ration
  x - an uncursed food ration
  o - an uncursed lembas wafer
  B - an uncursed tripe ration
  J - 2 uncursed tins of boiled hobbit meat
 Scrolls  ('?')
  f - a blessed scroll of confuse monster
  v - an uncursed scroll of enchant weapon
  m - an uncursed scroll of fire
  N - an uncursed scroll of identify
  y - a blessed scroll of light
  L - a blessed scroll of remove curse
  r - an uncursed scroll of remove curse
 Spellbooks  ('+')
  Q - an uncursed spellbook of create familiar
  Z - an uncursed spellbook of light
  A - an uncursed spellbook of turn undead
 Potions  ('!')
  O - an uncursed potion of fruit juice

Haxasaurus the Valkyrie's attributes:

Background:
 You were a Fighter, a level 7 dwarven Valkyrie.
 You were lawful, on a mission for Tyr
 who was opposed by Odin (neutral) and Loki (chaotic).
 You were right-handed.
 You were in the Gnomish Mines, on level 7.
 You entered the dungeon 5702 turns ago.
 It was nighttime.
 There was a full moon in effect when your adventure ended.
 You had 734 experience points, 546 more were needed to attain level 8.

Basics:
 You had 0 out of 58 hit points.
 You had all 13 energy points (spell power).
 Your armor class was 1.
 Your wallet contained 126 kongbucks.
 Autopickup was on for '$"=/!?' plus thrown, with exceptions.

Final Characteristics:
 Your strength was 15 (limit:18/100).
 Your dexterity was 12 (peak:13, limit:20).
 Your constitution was 18 (limit:20).
 Your intelligence was 9 (limit:16).
 Your wisdom was 12 (limit:16).
 Your charisma was 10 (limit:16).

Final Status:
 You were hallucinating.
 You were satiated.
 You were burdened; movement was slightly slowed.
 You were wielding a spear.
 You were skilled in spear and could have enhanced that.

Final Attributes:
 You were piously aligned.
 You were cold resistant.
 You were sleep resistant.
 You had infravision.
 You were stealthy.
 You were guarded.
 You were fast.
 You had reflection.
 You were lucky.
 You are dead.

Miscellaneous:
 You didn't encounter any bones levels.
 Total elapsed playing time was 43 minutes and 34 seconds.

Major events:
 Turn
    1: Haxasaurus the lawful dwarven Valkyrie entered the dungeon
 1082: attained the rank of Skirmisher (level 3)
 1273: entered the Gnomish Mines
 2583: entered Sokoban
 4497: attained the rank of Fighter (level 6)
 5021: reached Mine Town
 5702: killed by a hallucinogen-distorted mumak

You didn't know any spells.

Skills:
 Fighting Skills
   bare handed combat [Unskilled]
   two weapon combat  [Unskilled]
   riding             [Unskilled]
 Weapon Skills
   dagger             [Basic]
   axe                [Unskilled]
   pick-axe           [Unskilled]
   short sword        [Unskilled]
   broadsword         [Unskilled]
   long sword         [Unskilled]
   two-handed sword   [Unskilled]
   saber              [Unskilled]
   hammer             [Unskilled]
   quarterstaff       [Unskilled]
   polearms           [Unskilled]
   spear              [Skilled]
   trident            [Unskilled]
   lance              [Unskilled]
   sling              [Unskilled]
 Spellcasting Skills
   attack spells      [Unskilled]
   escape spells      [Unskilled]

Voluntary challenges:
 Character rerolling was not enabled.
 You were illiterate.
 You never genocided any monsters.
 You never polymorphed an object.
 You never changed form.
 You used no wishes.
 You did not violate any of the special Sokoban rules.
Achievements:
 You entered a shop.
 You attained the rank of Skirmisher.
 You entered the Gnomish Mines.
 You entered Sokoban.
 You attained the rank of Fighter.
 You entered Minetown.
 You entered a temple.

 The Dungeons of Doom: levels 1 to 7
    Level 1:
    Level 2:
       A fountain.
    Level 3:
       An armor shop, a fountain.
       Stairs down to The Gnomish Mines.
    Level 4: "vault"
       A fountain.
    Level 5:
    Level 6:
       Stairs up to Sokoban, level 5.
    Level 7:
 The Gnomish Mines: levels 4 to 8
    Level 4:
    Level 5:
    Level 6:
    Level 7: <- You were here.
       A lighting shop, a temple and an altar to Tyr, a fountain, a sink.
       Final resting place for
          you, killed by a hallucinogen-distorted mumak.
    Level 8:
 Sokoban:
    Level 5:
       Unsolved.


Vanquished creatures:
  a small mimic
  a giant beetle
 an iron piercer
  a black light
  a dust vortex
  4 apes
  a Woodland-elf
  a bugbear
  a wood nymph
  2 rock moles
  a pony
  a fog cloud
  2 kobold mummies
  a gray ooze
 an elf zombie
  a ghoul
  a straw golem
  a giant ant
  a little dog
  2 floating eyes
  a kitten
  a homunculus
  a kobold leader
  3 rothes
  a centipede
  a giant bat
  6 monkeys
  4 iguanas
 an acid blob
  5 coyotes
  a gas spore
  a hobbit
  3 manes
  a large kobold
  2 hobgoblins
  2 cave spiders
  2 yellow molds
  2 green molds
  a red mold
  7 gnomes
  4 garter snakes
  a gecko
  4 jackals
  5 foxes
  a kobold
  2 goblins
  a sewer rat
  8 grid bugs
  2 bats
  3 lichens
  a kobold zombie
  5 newts
109 creatures vanquished.

No species were genocided or became extinct.

Game over:
                       ----------
                      /          \
                     /    REST    \
                    /      IN      \
                   /     PEACE      \
                  /                  \
                  |    Haxasaurus    |
                  |      126 Au      |
                  |   killed by a    |
                  | hallucinogen-dis |
                  |   torted mumak   |
                  |                  |
                  |       2026       |
                 *|     *  *  *      | *
        _________)/\\_//(\/(/\)/\//\/|_)_______

Farvel Haxasaurus the Valkyrie...

You died in The Gnomish Mines on dungeon level 7 with 3400 points,
and 126 pieces of gold, after 5702 moves.
You were level 7 with a maximum of 58 hit points when you died.

